AoeStats
← overkill_0.1

Arabia

507491860Analyzed
1v1 RM · 14d ago on Sep 18, 2026· 41m 22s· 2 players
Game mode
Random Map
Map size
Tiny (2 player)
Population
200
Speed
Normal
Resources
Standard
Victory
Conquest
Starting age
Dark Age
Ending age
Imperial Age
RankedLock teamsTeams togetherTeam positionsShared explorationLock speedFull tech treeHidden civsTurbo modeCheats
Victory
Defeat
🇩🇪 Armenians · Germany
1846
+14
🇺🇸 Persians · United States
1795
-14
ITzMfPDiddy
6:06 Loom
6:21 Loom
8:49 Feudal Age
9:44 Double-Bit Axe
10:54 Horse Collar
20:34 Castle Age
19:46 Scale Barding Armor
19:52 Bloodlines
22:20 Bow Saw
24:00 Forging
29:41 Gold Mining
32:13 Wheelbarrow
31:53 Stone Mining
33:11 Chain Barding Armor
34:35 Husbandry
39:25 Imperial Age
39:02 Cavalier
40:18 Plate Barding Armor
40:49 Iron Casting
overkill_0.1
6:30 Loom
9:04 Feudal Age
9:43 Man-at-Arms
15:01 Double-Bit Axe
20:31 Castle Age
18:49 Fletching
19:29 Horse Collar
20:29 Padded Archer Armor
20:22 Gold Mining
20:40 Crossbowman
21:20 Bodkin Arrow
24:51 Town Watch
26:58 Bow Saw
27:52 Sanctity
27:44 Fervor
27:18 Pikeman
28:02 Scale Mail Armor
29:19 Wheelbarrow
30:37 Stone Mining
32:36 Ballistics
35:17 Imperial Age
34:04 Forging
33:55 Squires
34:18 Heavy Plow
36:06 Bracer
37:12 Chemistry
35:52 Arbalester
36:59 Arson
37:24 Halberdier
37:48 Long Swordsman
38:14 Gambesons
38:45 Chain Mail Armor
39:09 Block Printing
39:05 Two-Handed Swordsman
39:32 Capped Ram
41:18 Conscription
Connection lost

Rejoining the realm…

Still unreachable

The connection could not be restored.

Session expired

The server has moved on; the page needs a fresh start.